 Dungeon Crawl Stone Soup version 0.30-a0-1161-g0704695555 (webtiles) character file.

Game seed: 2722230353448020392

44 Orangeyouglad the Ducker (level 3, -1/29 HPs)
             Began as a Human Monk on Apr 27, 2023.
             Succumbed to an adder's poison
             ... on level 4 of the Dungeon.
             The game lasted 00:01:58 (1059 turns).

Orangeyouglad the Ducker (Human Monk)               Turns: 1059, Time: 00:01:59

Health: -1/29      AC:  2    Str: 10 (11) XL:     3   Next: 85%
Magic:  3/3        EV: 13    Int:  9 (10) God:
Gold:   50         SH:  0    Dex: 16 (17) Spells: 2/2 levels left

rFire   x . .        a - +1 falchion
rCold   + . .        d - orb {light}
rNeg    . . .        b - +0 robe
rPois   .            (no helmet)
rElec   .            (no cloak)
rCorr   .            (no gloves)
SInv    .            (no boots)
Will    .....        (no amulet)
Stlth   +            k - ring of ice
HPRegen 0.24/turn    (no ring)
MPRegen 0.08/turn

%: no passive effects
@: lethally poisoned (-1 -> -12), glowing
A: no striking features
a: no special abilities


You were on level 4 of the Dungeon.
You visited 1 branch of the dungeon, and saw 3 of its levels.

You collected 50 gold pieces.

Inventory:

Hand Weapons
 a - a +1 falchion (weapon)
Armour
 b - a +0 robe (worn)
 d - an orb of light (worn)
Jewellery
 k - a ring of ice (left hand)
Scrolls
 e - a scroll of poison
 f - a scroll of silence
Potions
 h - a potion of might {unknown}
 i - a potion of cancellation {unknown}
 m - a potion of curing {unknown}
 n - a potion of resistance {unknown}
 p - a potion of berserk rage {unknown}


   Skills:
 + Level 3.5 Fighting
 + Level 3.5 Long Blades
 + Level 3.5 Dodging


You had 2 spell levels left.
You didn't know any spells.
Your spell library was empty.

Dungeon Overview and Level Annotations

Branches:
Dungeon (2/15)

Altars:


Message History

You're too confused to move!
You feel very sick. The adder bites you.
* * * LOW HITPOINT WARNING * * *
You are more poisoned.
The adder poisons you! The adder barely misses you.
You hit the adder.
The adder is moderately wounded.
* * * LOW HITPOINT WARNING * * *
You feel very sick. The adder misses you.
You barely miss the adder.
The adder is moderately wounded.
You feel very sick. The adder misses you. x2
You bump into the rock wall.
You feel sick. The adder bites you.
You are lethally poisoned!
The adder poisons you!
You bump into the rock wall.
You feel less invigorated.
You feel less confused.
You feel very sick. The adder bites you.
You hit the adder.
The adder is moderately wounded.
You feel sick. The adder barely misses you. x2
You hit the adder.
The adder is heavily wounded.
You feel sick. The adder bites you.
* * * LOW HITPOINT WARNING * * *
You hit the adder.
The adder is heavily wounded.
* * * LOW HITPOINT WARNING * * *
You feel sick. The adder bites you.
* * * LOW HITPOINT WARNING * * *
You are more poisoned.
The adder poisons you! The adder barely misses you.
It was a potion of degeneration.
There was something very wrong with that liquid.
You feel weakened.
You feel dopey.
You feel clumsy.
You die...

# .# .#
###.. ..#.
####.b bO#.#
##b#@#
#bb#S#
#bb#b#.####
#b.bb..b....
#..#b#.####.
#bb#b...#
######..#
..# ...


You could see an adder.

Vanquished Creatures
  An adder (D:2)
  2 dart slugs (D:1)
  A worm (D:2)
  2 bats
  4 endoplasms
  4 hobgoblins
  2 kobolds
  A quokka (D:1)
  3 ball pythons
  4 frilled lizards
  2 rats (D:1)
26 creatures vanquished.

Notes
Turn   | Place    | Note
-------+----------+-------------------------------------------
     0 | D:1      | Orangeyouglad the Human Monk began the quest for the Orb.
     0 | D:1      | Reached XP level 1. HP: 18/18 MP: 1/1
   145 | D:1      | Reached XP level 2. HP: 14/24 MP: 2/2
   534 | D:1      | Reached XP level 3. HP: 28/29 MP: 3/3
  1037 | D:2      | You fall into a shaft and drop 2 floors!
  1041 | D:4      | Noticed an ogre
  1058 | D:4      | HP: 1/29 [adder (4)]
  1059 | D:4      | Succumbed to an adder's poison

Illustrated notes

Levels and vault maps discovered:
D:1:      lightli_arrival_windingriver, layout_basic
D:2:      layout_rooms, minmay_crystal_room, minivault_19, kennysheep_donut
D:4:      layout_basic, amcnicky_altar_gilded, serial_shops, shop

Action                     || total
---------------------------++-------
  Melee: Falchion          ||    76
    Use: Scroll            ||     5
         Potion            ||     2
 Armour: Robe              ||    13
  Dodge: Dodged            ||    40

Table legend: (Time is in decaauts)
 A = Elapsed time spent in this place.
 B = Non-inter-level travel time spent in this place.
 C = Inter-level travel time spent in this place.
 D = Time resting spent in this place.
 E = Time spent auto-exploring this place.
 F = Levels seen in this place.
 G = Mean time per level.
                   A        B        C        D        E       F      G
               +--------+--------+--------+--------+--------+-----+--------+
         Total |   1069 |   1064 |      5 |      0 |    739 |   3 |  356.3 |
       Dungeon |   1069 |   1064 |      5 |      0 |    739 |   3 |  356.3 |
               +--------+--------+--------+--------+--------+-----+--------+

Top non-repeatable levels by time:
     D:1: 757 daAuts
     D:2: 290 daAuts
     D:4: 22 daAuts
